AoeStats
← 沒起房子我日

Nomad

508872382Analyzed
4v4 RM · 7d ago on Sep 24, 2026· 22m 35s· 8 players
Game mode
Random Map
Map size
231×231
Population
200
Speed
Normal
Resources
Standard
Victory
Conquest
Starting age
Dark Age
Ending age
Imperial Age
RankedLock teamsTeams togetherTeam positionsShared explorationLock speedFull tech treeHidden civsTurbo modeCheats
Victory
Defeat
🇦🇷 Danes · Argentina
1606
+11
🇹🇼 Spanish · Taiwan
1581
+12
1491
+16
🇦🇷 Varangians · Argentina
1441
+18
🇭🇰 Persians · Hong Kong SAR China
1641
-19
🇹🇼 Tupi · Taiwan
1517
-15
🇹🇼 Varangians · Taiwan
1508
-15
🇭🇰 Berbers · Hong Kong SAR China
1306
-8
前三十分钟没有我
5:12 Loom
14:35 Feudal Age
15:42 Double-Bit Axe
18:37 Castle Age
16:39 Horse Collar
18:31 Fletching
19:54 Bodkin Arrow
20:00 Padded Archer Armor
22:25 Bow Saw
康寶羊
12:31 Feudal Age
16:37 Castle Age
14:42 Double-Bit Axe
15:01 Fletching
15:26 Gold Mining
17:32 Bodkin Arrow
19:45 Fishing Lines
20:43 Loom
21:19 Horse Collar
23:20 Medium Warships
Sumi
4:40 Loom
13:52 Feudal Age
18:49 Castle Age
三十分钟后没有我
10:21 Loom
12:49 Feudal Age
19:37 Castle Age
18:30 Horse Collar
18:56 Double-Bit Axe
19:58 Fletching
hide1914
14:08 Feudal Age
15:06 Double-Bit Axe
15:22 Fishing Lines
18:03 Castle Age
18:22 Gillnets
18:53 Bow Saw
18:58 Medium Warships
19:52 Gold Mining
22:07 Careening
21:44 Town Watch
22:43 Clinker Construction
沒起房子我日
11:19 Loom
13:35 Feudal Age
14:41 Town Watch
14:45 Double-Bit Axe
17:31 Castle Age
16:12 Horse Collar
16:16 Fishing Lines
18:12 Wheelbarrow
18:41 Bow Saw
18:46 Gillnets
22:30 Heavy Plow
Sunny Day
4:50 Loom
13:00 Feudal Age
14:06 Double-Bit Axe
16:40 Castle Age
15:53 Fletching
17:21 Bodkin Arrow
19:38 Padded Archer Armor
Law the Furious
4:53 Loom
13:37 Feudal Age
20:48 Castle Age
20:27 Double-Bit Axe
21:14 Scale Barding Armor
21:50 Bloodlines
22:17 Bow Saw
22:58 Husbandry
Connection lost

Rejoining the realm…

Still unreachable

The connection could not be restored.

Session expired

The server has moved on; the page needs a fresh start.